 Dungeon Crawl Stone Soup version 0.27-a0-346-ga689d4a613 (webtiles) character file.

Game seed: 12062656767535345855

46 mobtown the Firebug (level 3, -7/19 HPs)
             Began as a Deep Elf Fire Elementalist on Feb 15, 2021.
             Mangled by Terence
             ... wielding a +0 flail
              (13 damage)
             ... on level 1 of the Dungeon.
             The game lasted 00:08:12 (1355 turns).

mobtown the Firebug (Deep Elf Fire Elementalist)    Turns: 1355, Time: 00:08:13

Health: -7/19      AC:  3    Str: 11    XL:     3   Next: 44%
Magic:  7/9        EV: 13    Int: 20    God:
Gold:   67         SH:  0    Dex: 15    Spells: 1/8 levels left

rFire    . . .     SeeInvis .   f - +0 dagger
rCold    . . .     Faith    .   (no shield)
rNeg     . . .     Spirit   .   a - +0 robe
rPois    .         Reflect  .   c - +0 helmet
rElec    .         Harm     .   (no cloak)
rCorr    .         Rampage  .   (no gloves)
Will     .....                  (no boots)
Stlth    ++........             (no amulet)
HPRegen  0.06/turn              e - +6 ring of strength
MPRegen  0.11/turn              (no ring)

@: no status effects
A: no striking features
a: no special abilities


You were on level 1 of the Dungeon.
You visited 1 branch of the dungeon, and saw 2 of its levels.

You collected 67 gold pieces.

Inventory:

Hand Weapons
 f - a +0 dagger (weapon)
Missiles
 d - 41 stones
Armour
 a - a +0 robe (worn)
 c - a +0 helmet (worn)
Jewellery
 e - a +6 ring of strength (left hand)


   Skills:
 + Level 0.1 Fighting
 + Level 2.4 Dodging
 + Level 2.5 Stealth
 + Level 3.2 Spellcasting
 + Level 1.2 Conjurations
 * Level 4.7 Fire Magic


You had one spell level left.
You knew the following spells:

 Your Spells              Type           Power        Failure   Level
a - Foxfire               Conj/Fire      60%          4%          1
b - Conjure Flame         Conj/Fire      15%          12%         3
c - Inner Flame           Hex/Fire       12%          16%         3

Your spell library contained the following spells:

 Spells                   Type           Power        Failure   Level
 Sticky Flame             Conj/Fire      15%          38%         4
 Fireball                 Conj/Fire      7%           75%         5


Dungeon Overview and Level Annotations

Branches:
Dungeon (2/15)

Altars:

Annotations:
D:1 Terence


Message History

Casting: Foxfire (safe; 4% risk of failure)
Confirm with . or Enter, or press ? or * to list all spells.
You conjure some foxfire!
Terence barely misses you.
The foxfire hits Terence but does no damage.
Terence is moderately wounded.
The foxfire hits Terence.
Terence is moderately wounded.
Casting: Foxfire (safe; 4% risk of failure)
Confirm with . or Enter, or press ? or * to list all spells.
You conjure some foxfire!
The foxfire hits Terence.
Terence is heavily wounded.
The foxfire hits Terence.
Terence is heavily wounded.
Terence drinks a potion.
Terence is healed!
Casting: Foxfire (safe; 4% risk of failure)
Confirm with . or Enter, or press ? or * to list all spells.
You conjure some foxfire!
The foxfire hits Terence but does no damage.
Terence is moderately wounded.
The foxfire hits Terence but does no damage.
Terence is moderately wounded.
Casting: Foxfire (safe; 4% risk of failure)
Confirm with . or Enter, or press ? or * to list all spells.
You conjure some foxfire!
Terence hits you with a +0 flail!
* * * LOW HITPOINT WARNING * * *
The foxfire hits Terence but does no damage.
Terence is moderately wounded.
The foxfire hits Terence.
Terence is heavily wounded.
There is a stone staircase leading down here.
Terence misses you.
As you read the scroll labelled DOINIA NUGUDD, it crumbles to dust.
It is a scroll of identify.
You don't have any unidentified items.
Terence shouts, "Now you die!" Terence screams, "I want your blood!"
There is a stone staircase leading down here.
Terence hits you with a +0 flail!
Ouch! That really hurt!
You die...

##.....##################
#########.............##.........
...............######.##.###..###
##########....## #.........#
.#########.#.### #######.###..###
...............###...............
.....####..................#.....
.###.####..#.#.###.#####.#......#
.# #.##.#..#.#..@#.#####.........
.# #.#.#..)...###@.....#.........
.# #.....)....# #..###.#.........
.######.#..##>###..###...........
...........###...........#.......
.######.#.## #..###########......
......#.#.# #..# ##...#.
..........# #..# #######.##.
......#)### #..# #.......##.


You could see Terence.

Vanquished Creatures
  An ooze (D:1)
  A dart slug (D:1)
  2 leopard geckos (D:1)
  4 bats (D:1)
  2 giant cockroaches (D:1)
  5 goblins (D:1)
  5 hobgoblins (D:1)
  3 jackals (D:1)
  3 frilled lizards (D:1)
  3 kobolds (D:1)
  7 rats (D:1)
36 creatures vanquished.

Vanquished Creatures (others)
  92 foxfires
92 creatures vanquished.

Grand Total: 128 creatures vanquished

Notes
Turn   | Place    | Note
-------+----------+-------------------------------------------
     0 | D:1      | mobtown the Deep Elf Fire Elementalist began the quest for
                  | the Orb.
     0 | D:1      | Reached XP level 1. HP: 10/10 MP: 6/6
   141 | D:1      | Reached XP level 2. HP: 15/15 MP: 5/8
   156 | D:1      | Reached skill level 4 in Fire Magic
   750 | D:1      | Reached XP level 3. HP: 19/19 MP: 5/9
   756 | D:1      | Learned a level 3 spell: Conjure Flame
   760 | D:1      | Learned a level 3 spell: Inner Flame
  1257 | D:2      | Noticed Terence
  1355 | D:1      | Mangled by Terence

Illustrated notes

Levels and vault maps discovered:
D:1:      dpeg_arrival_tiny_j, layout_loops_ring
D:2:      layout_basic, uniq_terence, uniq_sigmund

Skill      XL: |  1  2 |
---------------+-------+-----
Fire Magic     | 4 |  4.7
Fighting       | |  0.1
Dodging        | |  2.4
Stealth        | |  2.5
Spellcasting   | |  3.2
Conjurations   | |  1.2

Action                   || total
-------------------------++-------
Melee: Unarmed           ||     3
 Cast: Foxfire           ||    61
  Use: Scroll            ||     1
Armor: Robe              ||     7
Dodge: Dodged            ||    15

Table legend: (Time is in decaauts)
 A = Elapsed time spent in this place.
 B = Non-inter-level travel time spent in this place.
 C = Inter-level travel time spent in this place.
 D = Time resting spent in this place.
 E = Time spent auto-exploring this place.
 F = Levels seen in this place.
 G = Mean time per level.
                   A        B        C        D        E       F      G
               +--------+--------+--------+--------+--------+-----+--------+
         Total |   1354 |   1354 |      0 |    205 |    760 |   2 |  677.0 |
       Dungeon |   1354 |   1354 |      0 |    205 |    760 |   2 |  677.0 |
               +--------+--------+--------+--------+--------+-----+--------+

Top non-repeatable levels by time:
     D:1: 1334 daAuts
     D:2: 19 daAuts
